Unix NetHack Version 5.0.0-0 post-release - last build Jun 10 2026 00:39:30 (3ee93aec679c4c4259841fe613dc97188e26a321,branch:main).

Game began 2026-06-12 15:27:32, ended 2026-06-12 16:02:52.

CyberFan, neutral male human Tourist

                                                             ----------
                                                             ........@.
                                                             |.<....aa.
                                                             ....
                                            C.

CyberFan the Excursionist   St:11 Dx:9 Co:15 In:15 Wi:8 Ch:18  Neutral
Dlvl:7  $:690 HP:0(63) Pw:23(23) AC:2  Xp:7/916 T:4266 

Latest messages:
 In what direction?
 Hmmm, the large box turns out to be locked.
 Unlock it with your credit card? [ynq] (q)
 You hear someone counting gold coins.
 You succeed in picking the lock.
 In what direction?
 L - a scroll labeled EIRIS SAZUN IDISI.
 M - a scroll labeled KO BATE.
 Ouch!  You bump into a door.
 In what direction?
 The door opens.
 You hear the splashing of a naiad.
 With great effort you move the boulder.
 In what direction?
 The door opens.
 You kill the newt!
 You see here a blindfold.
 N - a blindfold.
 $ - 9 gold pieces (679 in total).
 You descend the stairs.
 You climb up the stairs.
 You see here a statue of a wolf.
 You see here a statue of a green mold.
 You hear the footsteps of a guard on patrol.
 Ouch!  You bump into a door.
 In what direction?
 The door opens.
 $ - 11 gold pieces (690 in total).
 You are beginning to feel hungry.
 What do you want to eat? [D or ?*]
 This cream pie is delicious!
 You descend the stairs.
 The soldier ant bites!
 The soldier ant stings!
 The soldier ant bites!
 The soldier ant stings!
 What do you want to zap? [nBSX or ?*]
 Nothing happens.
 The soldier ant bites!
 The soldier ant misses!
 The soldier ant bites!
 The soldier ant stings!
 What do you want to zap? [nBSX or ?*]
 In what direction?
 The magic missile hits the soldier ant!
 The soldier ant bites!
 The soldier ant stings!
 The soldier ant just misses!
 The soldier ant stings!
 You die...

Inventory:
 Coins    ('$')
  $ - 690 gold pieces
 Amulets  ('"')
  s - a cursed amulet of change
 Weapons  (')')
  a - 15 uncursed +2 darts (at the ready)
  q - the uncursed +1 Cleaver (weapon in hands)
 Armor    ('[')
  P - an uncursed +1 dwarvish iron helm (being worn)
  w - an uncursed +0 pair of gauntlets of dexterity (being worn)
  u - an uncursed +0 pair of jumping boots (being worn)
  H - a blessed +0 dwarvish cloak (being worn)
  j - an uncursed +0 Hawaiian shirt with a toucan motif (being worn)
  x - an uncursed +0 studded leather armor (being worn)
 Scrolls  ('?')
  c - an uncursed scroll of confuse monster
  L - an uncursed scroll of light
  M - an uncursed scroll of scare monster
 Potions  ('!')
  f - 3 uncursed potions of extra healing
 Rings    ('=')
  E - an uncursed ring of polymorph control
 Wands    ('/')
  n - an uncursed wand of cancellation (0:6)
  B - an uncursed wand of digging (0:4)
  X - an uncursed wand of magic missile (0:3)
  S - an uncursed wand of magic missile (0:0)
 Tools    ('(')
  V - a blessed bag of holding containing 13 items
  N - an uncursed blindfold
  l - an uncursed credit card
  k - an uncursed expensive camera (0:53)
 Gems/Stones  ('*')
  z - an uncursed opal
  g - 2 uncursed worthless pieces of blue glass
  U - 2 uncursed worthless pieces of green glass
  Y - an uncursed worthless piece of violet glass
  T - 2 uncursed worthless pieces of yellow glass
  Z - an uncursed worthless piece of yellowish brown glass

Contents of the bag of holding:
  an uncursed cram ration
  2 uncursed food rations
  2 uncursed tripe rations
  an uncursed scroll of charging
  a cursed scroll of destroy armor
  an uncursed scroll of fire
  a blessed scroll of magic mapping
  2 uncursed scrolls of magic mapping
  an uncursed potion of confusion
  an uncursed potion of enlightenment
  an uncursed potion of gain energy
  an uncursed potion of paralysis
  an uncursed potion of speed

CyberFan the Tourist's attributes:

Background:
 You were an Excursionist, a level 7 male human Tourist.
 You were neutral, on a mission for The Lady
 who was opposed by Blind Io (lawful) and Offler (chaotic).
 You were right-handed.
 You were in the Dungeons of Doom, on level 7.
 You entered the dungeon 4266 turns ago.
 You had 916 experience points, 364 more were needed to attain level 8.

Basics:
 You had 0 out of 63 hit points.
 You had all 23 energy points (spell power).
 Your armor class was 2.
 Your wallet contained 690 zorkmids.
 Autopickup was on for '$%?!"=/*' plus thrown, with exceptions.

Final Characteristics:
 Your strength was 11 (limit:18/100).
 Your dexterity was 9 (limit:18).
 Your constitution was 15 (limit:18).
 Your intelligence was 15 (limit:18).
 Your wisdom was 8 (limit:18).
 Your charisma was 18 (limit:18).

Final Status:
 You weren't hungry.
 You were unencumbered.
 You were wielding an axe.
 You had basic skill with axe.

Final Attributes:
 You were piously aligned.
 Your items were somewhat protected from fire.
 Your items were somewhat protected from cold.
 You were telepathic.
 You could jump.
 You were warded.
 You are dead.

Miscellaneous:
 You disabled loading and storing of bones levels.
 Total elapsed playing time was 35 minutes and 20 seconds.

Major events:
 Turn
    1: CyberFan the neutral male human Tourist entered the dungeon
  365: found Cleaver on the floor
 1053: attained the rank of Sightseer (level 3)
 1281: entered the Gnomish Mines
 1835: reached Mine Town
 2093: was bestowed with Ogresmasher by The Lady
 2153: attained the rank of Excursionist (level 6)
 4266: killed by a soldier ant

Spells:
 Name                 Level Category     Fail Retention
 drain life             2   attack        88%  76%-100%

Skills:
 Fighting Skills
   bare handed combat [Unskilled]
   two weapon combat  [Unskilled]
   riding             [Unskilled]
 Weapon Skills
   dagger             [Unskilled]
   knife              [Unskilled]
   axe                [Basic]
   pick-axe           [Unskilled]
   short sword        [Unskilled]
   broadsword         [Unskilled]
   long sword         [Unskilled]
   two-handed sword   [Unskilled]
   saber              [Unskilled]
   mace               [Unskilled]
   morning star       [Unskilled]
   flail              [Unskilled]
   hammer             [Unskilled]
   quarterstaff       [Unskilled]
   polearms           [Unskilled]
   spear              [Unskilled]
   trident            [Unskilled]
   lance              [Unskilled]
   bow                [Unskilled]
   sling              [Unskilled]
   crossbow           [Unskilled]
   dart               [Basic]
   shuriken           [Unskilled]
   boomerang          [Unskilled]
   whip               [Unskilled]
   unicorn horn       [Unskilled]
 Spellcasting Skills
   divination spells  [Unskilled]
   enchantment spells [Unskilled]
   escape spells      [Unskilled]

Voluntary challenges:
 Character rerolling was not enabled.
 You never genocided any monsters.
 You never polymorphed an object.
 You never changed form.
 You used no wishes.
Achievements:
 You entered a shop.
 You attained the rank of Sightseer.
 You entered the Gnomish Mines.
 You entered Minetown.
 You entered a temple.
 You attained the rank of Excursionist.

 The Dungeons of Doom: levels 1 to 7
    Level 1:
       A fountain.
    Level 2:
    Level 3:
       An armor shop, a sink.
       Stairs down to The Gnomish Mines.
    Level 4:
       Some fountains.
    Level 5:
       A grave.
    Level 6:
       Many fountains.
    Level 7: <- You were here.
       Final resting place for
          you, killed by a soldier ant.
 The Gnomish Mines: levels 4 to 7
    Level 4:
    Level 5:
    Level 6:
       Many shops, a temple and an altar to The Lady, some fountains, some trees.
    Level 7:


Vanquished creatures:
  a werewolf
 an imp
  2 shriekers
  8 gnome leaders
  2 gnomish wizards
  a kobold mummy
  a straw golem
  a little dog
  a floating eye
  a kitten
 12 dwarves
  a kobold leader
  7 rothes
  a giant bat
  3 dwarf zombies
  2 werejackals
  a gas spore
  a hobbit
  9 manes
  2 hobgoblins
  8 giant rats
  2 cave spiders
 29 gnomes
  3 geckos
  4 jackals
  2 foxes
  a kobold
  2 goblins
  3 sewer rats
  7 grid bugs
  a bat
  5 lichens
  a kobold zombie
  5 newts
131 creatures vanquished.

No species were genocided or became extinct.

Game over:
                       ----------
                      /          \
                     /    REST    \
                    /      IN      \
                   /     PEACE      \
                  /                  \
                  |     CyberFan     |
                  |      690 Au      |
                  |   killed by a    |
                  |   soldier ant    |
                  |                  |
                  |                  |
                  |       2026       |
                 *|     *  *  *      | *
        _________)/\\_//(\/(/\)/\//\/|_)_______

Aloha CyberFan the Tourist...

You died in The Dungeons of Doom on dungeon level 7 with 4008 points,
and 690 pieces of gold, after 4266 moves.
You were level 7 with a maximum of 63 hit points when you died.

